 Dungeon Crawl Stone Soup version 0.22-a0-355-g201945f (webtiles) character file.

42 Amnesiac the Cutter (level 3, 0/19 HPs)
             Began as a Vine Stalker Fighter on Apr 17, 2018.
             Succumbed to an adder's poison
             ... on level 4 of the Dungeon.
             The game lasted 00:01:59 (749 turns).

Amnesiac the Cutter (Vine Stalker Fighter)           Turns: 749, Time: 00:02:00

Health: 0/19       AC:  6    Str: 24    XL:     3   Next: 54%
Magic:  4/4        EV:  7    Int:  8    God:
Gold:   60         SH:  9    Dex: 13    Spells: 2/2 levels left

rFire    . . .     SeeInvis .   g - +0 dagger (drain)
rCold    . . .     Gourm    .   c - +0 shield
rNeg     . . .     Faith    .   b - +0 scale mail
rPois    .         Spirit   +   (no helmet)
rElec    .         Reflect  .   (no cloak)
rCorr    .         Harm     .   (no gloves)
MR       .....                  (no boots)
Stlth    ..........             (no amulet)
HPRegen  0.06/turn              (no ring)
MPRegen  0.09/turn              (no ring)

@: mighty, lethally poisoned (0 -> -6), hasted, very quick
A: fangs 2, magic shield, antimagic bite, no potion heal 3, rot immunity
a: no special abilities


You were on level 4 of the Dungeon.
You were not hungry.

You visited 1 branch of the dungeon, and saw 4 of its levels.

You collected 60 gold pieces.

Inventory:

Hand Weapons
 g - a +0 dagger of draining (weapon)
Armour
 b - a +0 scale mail (worn)
 c - a +0 shield (worn)
Scrolls
 a - a scroll of magic mapping {!r, unknown}
 e - a scroll of identify {!r, unknown}
Potions
 h - a potion of haste {!q}
Comestibles
 f - 2 rations


   Skills:
 - Level 2.6 Fighting
 + Level 3.4 Short Blades
 - Level 2.4 Armour
 - Level 2.6 Shields


You had 2 spell levels left.
You didn't know any spells.

Dungeon Overview and Level Annotations

Branches:
Dungeon (4/15)
 Temple: D:4-7

Altars:
Fedhas

Annotations:
D:2 exclusion: oklob plant, Sigmund


Innate Abilities, Weirdness & Mutations

You have extremely sharp teeth.
When hurt, damage is shared between your health and your magic reserves.
Your bite disrupts and absorbs the magic of your enemies.
Potions cannot restore your health.
You are immune to rotting.


Message History

No target in view!
You see here a hobgoblin corpse.
An adder comes into view.
The adder hisses angrily.
The adder moves out of view.
A hobgoblin comes into view. It is wielding a club.
A hobgoblin is nearby!
The hobgoblin shouts!
The hobgoblin closely misses you.
You hit the hobgoblin. You drain the hobgoblin!
The hobgoblin is severely wounded.
The hobgoblin hits you but does no damage.
You hit the hobgoblin.
You kill the hobgoblin!
You miss the adder. The adder barely misses you.
You miss the adder. The adder bites you. x2
You are poisoned.
The adder poisons you!
You miss the adder. You bite the adder. You drain its power.
You feel invigorated.
The adder is lightly wounded.
You feel sick. The adder bites you.
You miss the adder. You bite the adder. You drain its power.
The adder is heavily wounded.
The adder bites you.
* * * LOW HITPOINT WARNING * * *
You are lethally poisoned!
The adder poisons you!
You hit the adder. You drain the adder!
You kill the adder!
* * * LOW HITPOINT WARNING * * *
You feel sick.
No target in view!
No target in view!
Really quaff
h - 2 dark potions {!q}?
It was a potion of haste {!q}.
You feel yourself speed up.
* * * LOW HITPOINT WARNING * * *
You feel sick.
* * * LOW HITPOINT WARNING * * *
You feel sick.
Things that are here:
a club; an adder corpse
* * * LOW HITPOINT WARNING * * *
You feel sick.
* * * LOW HITPOINT WARNING * * *
You feel sick.
Found a stone staircase leading down.
* * * LOW HITPOINT WARNING * * *
You feel sick.
* * * LOW HITPOINT WARNING * * *
You feel sick.
There is a stone staircase leading down here.
You climb downwards.
An adder comes into view.
The adder hisses angrily.
There is a stone staircase leading up here.
Okay, then.
Really quaff
d - a potion of might {!q}?
You feel very mighty all of a sudden.
* * * LOW HITPOINT WARNING * * *
You feel sick.
Unknown command.
You swing at nothing.
You die... ################# #....S.@.<....... #.###########.###

You could see an adder.

Vanquished Creatures
  An adder (D:3)
  An ooze (D:2)
  A dart slug (D:2)
  3 bats (D:1)
  2 goblins
  7 hobgoblins
  3 jackals (D:2)
  2 ball pythons
  A frilled lizard (D:1)
  2 kobolds (D:2)
  A rat (D:1)
  3 plants
27 creatures vanquished.

Notes
Turn   | Place    | Note
-------+----------+-------------------------------------------
     0 | D:1      | Amnesiac the Vine Stalker Fighter began the quest for the Orb.
     0 | D:1      | Reached XP level 1. HP: 11/11 MP: 2/2
    24 | D:1      | Reached skill level 2 in Short Blades
   146 | D:1      | Reached XP level 2. HP: 16/16 MP: 3/3
   288 | D:2      | Found a blossoming altar of Fedhas.
   306 | D:2      | Noticed an oklob plant
   413 | D:2      | Reached skill level 3 in Short Blades
   425 | D:2      | Reached XP level 3. HP: 14/19 MP: 4/4
   477 | D:2      | Noticed Sigmund
   749 | D:4      | Succumbed to an adder's poison

Vault maps used:
D:1:      eino_arrival_cavern_d
D:2:      tgw_fedhas, uniq_sigmund
D:3:      nicolae_qazlal_general_emergency, serial_bayou_ford_a
D:4:      overflow_temple_1_default, bloody_trog

Skill      XL: |  1  2 |
---------------+-------+-----
Short Blades   | 2 3 |  3.4
Fighting       | |  2.6
Armour         | |  2.4
Shields        | |  2.6

Action                   || total
-------------------------++-------
Melee: Rapier            ||    78
       Bite              ||   102
       Dagger            ||   193
  Use: Potion            ||     2
Armor: Scale mail        ||    29
Dodge: Dodged            ||    24
Block: Shield            ||    32

Table legend:
 A = Spawn XP
 B = Non-spawn XP
 C = Spawn XP percentage of total XP
 D = Spawn monster count
 E = Non-spawn monster count
 F = Spawn count percentage of total count
 G = Total turns spent on level
                    A         B        C        D         E        F      G
               +---------+---------+-------+---------+---------+-------+---------
         Total |       0 |      60 |   0.0 |       0 |      24 |   0.0 |   749
               +---------+---------+-------+---------+---------+-------+---------
           D:1 |       0 |      15 |   0.0 |       0 |       9 |   0.0 |   235
           D:2 |       0 |      24 |   0.0 |       0 |      10 |   0.0 |   262
           D:3 |       0 |      21 |   0.0 |       0 |       5 |   0.0 |   248
               +---------+---------+-------+---------+---------+-------+---------
